 Dungeon Crawl Stone Soup version 0.29.1-13-g9f3cf754e1 (webtiles) character file.

Game seed: 15478561855635074143

35 nightchill the Gusty (level 3, -1/19 HPs)
             Began as a Tengu Air Elementalist on Feb 7, 2023.
             Killed by their own static electricity (3 damage)
             ... on level 2 of the Dungeon.
             The game lasted 00:03:32 (1358 turns).

nightchill the Gusty (Tengu Air Elementalist)       Turns: 1358, Time: 00:03:33

Health: -1/19      AC:  2    Str:  8    XL:     3   Next: 35%
Magic:  3/7        EV: 12    Int: 17    God:
Gold:   84         SH:  0    Dex: 14    Spells: 3/6 levels left

rFire   . . .      SeeInvis .   b - +0 sling
rCold   . . .      Faith    .   (no shield)
rNeg    . . .      Spirit   .   e - +0 robe
rPois   .          Reflect  .   (helmet restricted)
rElec   .          Harm     .   (no cloak)
rCorr   .          Rampage  .   (no gloves)
Will    .....                   (boots unavailable)
Stlth   ++........              (no amulet)
HPRegen 0.06/turn               (no ring)
MPRegen 0.10/turn               (no ring)

@: no status effects
A: beak, talons 3
a: no special abilities


You were on level 2 of the Dungeon.
You visited 1 branch of the dungeon, and saw 2 of its levels.

You collected 84 gold pieces.

Inventory:

Hand Weapons
 a - a +0 dagger
 b - a +0 sling (weapon)
Armour
 e - a +0 robe (worn)
Scrolls
 d - 3 scrolls of identify {unknown}
 h - 2 scrolls of teleportation {unknown}
 i - a scroll of enchant weapon {unknown}
 j - a scroll of amnesia {unknown}
Potions
 c - a potion of haste {unknown}
 f - 4 potions of magic
 g - 2 potions of curing {unknown}


   Skills:
 - Level 2.1 Dodging
 + Level 2.5 Stealth
 + Level 2.4 Spellcasting
 - Level 1.3 Conjurations
 * Level 5.0 Air Magic


You had 3 spell levels left.
You knew the following spells:

 Your Spells              Type           Power      Damage    Failure   Level
a - Shock                 Conj/Air       48%        1d6       4%          1
b - Static Discharge      Conj/Air       12%        3-5/arc   8%          2

Your spell library contained the following spells:

 Spells                   Type           Power      Damage    Failure   Level
 Swiftness                Air            19%        N/A       7%          3
 Airstrike                Air            9%         2d(2-18)  24%         4


Dungeon Overview and Level Annotations

Branches:
Dungeon (2/15)

Altars:

Shops:
D:2 :


Innate Abilities, Weirdness & Mutations

You have a beak for a mouth.
You have claws for feet.


Message History

d - 3 scrolls labelled LAKHOVVEGATSA (gained 1)
Found a stone staircase leading down.
There is a stone staircase leading down here.
There is a stone staircase leading down here.
Found an escape hatch in the floor.
j - a scroll labelled ENERIBUNN
Found Tiwnearan's Book Shoppe.
A goblin and a hobgoblin come into view.
Found an escape hatch in the ceiling.
The hobgoblin moves out of view.
You shoot a sling bullet.
The sling bullet completely misses the hobgoblin.
The hobgoblin shouts!
The goblin shouts!
You shoot a sling bullet.
The sling bullet completely misses the hobgoblin.
The hobgoblin attacks as you move away!
The hobgoblin hits you with a +0 dagger.
Casting: Shock (safe; 4% risk of failure)
Confirm with . or Enter, or press ? or * to list all spells.
Aiming: Shock (safe; 4% risk of failure)
Press: ? - help, Shift-Dir - straight line, f/p - hobgoblin
Aim: a hobgoblin, wielding a +0 dagger (68% to hit)
The zap hits the hobgoblin.
The hobgoblin is severely wounded.
The hobgoblin hits you with a +0 dagger.
* * * LOW HITPOINT WARNING * * *
Casting: Shock (safe; 4% risk of failure)
Confirm with . or Enter, or press ? or * to list all spells.
Aiming: Shock (safe; 4% risk of failure)
Press: ? - help, Shift-Dir - straight line, f/p - hobgoblin
Aim: a hobgoblin, wielding a +0 dagger (severely wounded, 68% to hit)
The zap hits the hobgoblin.
The hobgoblin is almost dead.
The hobgoblin hits you with a +0 dagger.
* * * LOW HITPOINT WARNING * * *
Casting: Shock (safe; 4% risk of failure)
Confirm with . or Enter, or press ? or * to list all spells.
The hobgoblin is struck by an arc of lightning.
You kill the hobgoblin!
You are struck by an arc of lightning.
You die...

..### #....# ...... ..#
#.#.##....# ...... ..#
#.#.##....# #...... ..#
#.#.##....##..#... ..###
#.#.##.........#.#. ....###
#.#.##..........∩.. ......##
#.#.###........#.#
....#..###.#.##..g.....#...#
....##..........@)..........
....###.>#.##########....##
##### ##.#.>. ....+ #.#####
....# #.# .<..# #.# ....#
#.# #.# ..#


You could see a goblin.

Vanquished Creatures
  A worm (D:2)
  A dart slug (D:2)
  3 bats
  2 endoplasms (D:1)
  A giant cockroach (D:1)
  8 hobgoblins
  4 jackals (D:2)
  2 frilled lizards (D:1)
  5 kobolds (D:1)
  A rat (D:1)
28 creatures vanquished.

Notes
Turn   | Place    | Note
-------+----------+-------------------------------------------
     0 | D:1      | nightchill the Tengu Air Elementalist began the quest for
                  | the Orb.
     0 | D:1      | Reached XP level 1. HP: 10/10 MP: 4/4
   333 | D:1      | Reached XP level 2. HP: 15/15 MP: 3/6
   364 | D:1      | Learned a level 2 spell: Static Discharge
   378 | D:1      | Found a faded altar of an unknown god.
  1122 | D:2      | Reached XP level 3. HP: 19/19 MP: 7/7
  1226 | D:2      | Reached skill level 5 in Air Magic
  1347 | D:2      | Found Tiwnearan's Book Shoppe.
  1358 | D:2      | Killed from afar by themself

Illustrated notes

Levels and vault maps discovered:
D:1:      doesnt_arrival_eight_statues, layout_loops_ring,
          shapermc_ecumenical_altar_mp_urbaneastern, minmay_tromino_i2
D:2:      layout_basic, serial_shops, nicolae_shop_advertising_works
          [nicolae_subvault_shop_adworks]

Skill      XL: |  1  2  3 |
---------------+----------+-----
Air Magic      | 5 |  5.0
Dodging        | |  2.1
Stealth        | |  2.5
Spellcasting   | |  2.4
Conjurations   | |  1.3

Action                   || total
-------------------------++-------
 Fire: Sling             ||    41
 Cast: Shock             ||    34
Armor: Robe              ||     6
Dodge: Dodged            ||    16
